 Dungeon Crawl Stone Soup version 0.21.1-1-g345015f (webtiles) character file.

116 sking99 the Skirmisher (level 5, -1/57 HPs)
             Began as an Ogre Monk on July 1, 2018.
             Slain by an orc
             ... wielding a +0 dagger
              (3 damage)
             ... on level 3 of the Dungeon.
             The game lasted 00:03:43 (2464 turns).

sking99 the Skirmisher (Ogre Monk)                  Turns: 2464, Time: 00:03:43

Health: -1/57      AC:  3    Str: 15    XL:     5   Next: 1%
Magic:  5/5        EV: 10    Int: 11    God:
Gold:   104        SH:  0    Dex: 12    Spells: 4/4 levels left

rFire    . . .     SeeInvis .   a - +0 mace
rCold    . . .     Gourm    .   (no shield)
rNeg     . . .     Faith    .   b - +0 robe
rPois    .         Spirit   .   (helmet restricted)
rElec    .         Reflect  .   (no cloak)
rCorr    .         Harm     .   (gloves unavailable)
MR       .....                  (boots unavailable)
Stlth    ++........             (no amulet)
HPRegen  0.19/turn              (no ring)
MPRegen  0.09/turn              (no ring)

@: slowed, very slow
A: large, unfitting armour, tough skin 1
a: no special abilities


You were on level 3 of the Dungeon.
You were not hungry.

You visited 1 branch of the dungeon, and saw 3 of its levels.

You collected 104 gold pieces.

Inventory:

Hand Weapons
 a - a +0 mace (weapon)
Armour
 b - a +0 robe (worn)
Scrolls
 d - 2 scrolls of enchant weapon {unknown}
 g - a scroll of teleportation {unknown}
 j - 3 scrolls of enchant armour {unknown}
 n - a scroll of fear {unknown}
 o - a scroll of amnesia {unknown}
 p - a scroll of magic mapping {unknown}
 q - a scroll of remove curse {unknown}
 r - a scroll of identify {unknown}
Potions
 e - a potion of haste {unknown}
 f - a potion of heal wounds {unknown}
 i - a potion of mutation {unknown}
 k - a potion of agility {unknown}
 l - a potion of lignification {unknown}
 m - a potion of berserk rage {unknown}
Comestibles
 c - 7 rations
 h - 6 chunks of flesh


   Skills:
 + Level 5.3 Fighting
 * Level 4.3 Maces & Flails
 - Level 2.6 Dodging
 - Level 1.4 Stealth


You had 4 spell levels left.
You didn't know any spells.

Dungeon Overview and Level Annotations

Branches:
Dungeon (3/15)

Altars:
Sif Muna
The Shining One


Innate Abilities, Weirdness & Mutations

You are too large for most types of armour.
You have tough skin. (AC +1)


Message History

The magic dart hits you!
* * * LOW HITPOINT WARNING * * *
The orc hits you with a dagger.
* * * LOW HITPOINT WARNING * * *
The orc priest calls upon Beogh to heal the orc.
The orc's wounds heal themselves!
The orc wizard hits you with a dagger.
* * * LOW HITPOINT WARNING * * *
The orc hits you but does no damage.
The orc priest hits you from afar with a trident.
* * * LOW HITPOINT WARNING * * *
The orc wizard mumbles some strange words.
The orc wizard blinks!
The orc wizard is no longer moving quickly.
The orc wizard casts a spell at you. You resist with some effort.
The orc barely misses you.
You closely miss the orc wizard.
The orc wizard is severely wounded.
The orc wizard casts a spell.
The orc wizard blinks!
The orc hits you with a dagger.
You die...

############
#oKo@ยง....?o
#o##########
#.# #.# #.#
#K# #.# #o#
#.#


You could see an orc priest, an orc wizard, 2 orcs and a kobold.

Vanquished Creatures
  5 adders
  An ooze (D:1)
  A worm (D:3)
  2 dart slugs
  A leopard gecko (D:1)
  3 giant cockroaches (D:1)
  9 goblins
  4 hobgoblins
  9 jackals
  5 kobolds
  A quokka (D:2)
  A ball python (D:2)
  6 bats
  4 frilled lizards
  4 rats
56 creatures vanquished.

Notes
Turn   | Place    | Note
-------+----------+-------------------------------------------
     0 | D:1      | sking99 the Ogre Monk began the quest for the Orb.
     0 | D:1      | Reached XP level 1. HP: 24/24 MP: 1/1
   169 | D:1      | Reached XP level 2. HP: 30/32 MP: 2/2
   553 | D:1      | Reached XP level 3. HP: 34/40 MP: 3/3
  1411 | D:2      | Reached XP level 4. HP: 45/49 MP: 4/4
  1450 | D:2      | Reached skill level 5 in Fighting
  1661 | D:2      | Found a glowing golden altar of the Shining One.
  1661 | D:2      | Found a deep blue altar of Sif Muna.
  2350 | D:3      | Reached XP level 5. HP: 49/57 MP: 5/5
  2462 | D:3      | HP: 1/57 [orc priest/trident (4)]
  2464 | D:3      | Slain by an orc

Skill      XL: |  1  2  3  4 |
---------------+-------------+-----
Maces & Flails | 3 4 |  4.3
Fighting       | 5 |  5.3
Dodging        | |  2.6
Stealth        | |  1.4

Action                   |  1- 3 |  4- 6 || total
-------------------------+-------+-------++-------
Melee: Mace              |   120 |    72 ||   192
 Stab: Sleeping          |     2 |       ||     2
  Eat: Chunk             |     2 |     3 ||     5
Armor: Robe              |    52 |    17 ||    69
Dodge: Dodged            |    77 |    45 ||   122
